 Dungeon Crawl Stone Soup version 0.32-a0-834-geaf45d8e21 (webtiles) character file.

Game seed: 11784005217377268314

19219 hikkokomori the Prestidigitator (level 12, -16/95 HPs)
             Began as a Coglin Alchemist on Mar 25, 2024.
             Was an Initiate of Gozag.
             Killed from afar by a lightning spire (18 damage)
             ... with a bolt of electricity
             ... in a Gauntlet.
             The game lasted 00:48:17 (14493 turns).

hikkokomori the Prestidigitator (Coglin Alchemist) Turns: 14493, Time: 00:48:18

Health: -16/95     AC: 11    Str:  9    XL:     12   Next: 66%
Magic:  15/21      EV: 13    Int: 20    God:    Gozag
Gold:   457        SH:  0    Dex: 17    Spells: 11/23 levels left

rFire   . . .        O - +5 dagger (flame) {Akal}
rCold   . . .        a - +1 dagger (drain) {Somchit}
rNeg    . . .        G - +0 steam dragon scales
rPois   .            R - +1 helmet {SInv}
rElec   .            I - +0 cloak
rCorr   .            z - +0 pair of gloves of Too Many Cooks {Int+3}
SInv    +            v - +1 pair of boots
Will    .....        (amulet unavailable)
Stlth   ++           (ring unavailable)
HPRegen 0.35/turn    (ring unavailable)
MPRegen 0.17/turn    (no gizmo)

%: no teleportation
@: studying Long Blades
A: off-hand wielding, slow wielding, warmup strikes, no jewellery
a: Invent Gizmo, Renounce Religion, Potion Petition, Call Merchant, Bribe Branch


You were in a Gauntlet.
You worshipped Gozag.
Gozag was aware of your devotion.
You visited 1 branch of the dungeon, and saw 11 of its levels.
You also visited: Bailey and Gauntlet.

You collected 3657 gold pieces.
You spent 650 gold pieces at shops.
You paid 2550 gold pieces to Gozag.

Inventory:

Hand Weapons
 a - a +1 dagger of draining (offhand) {Somchit}
 A - a +1 dagger of speed
 O - a +5 dagger of flaming (weapon) {Akal}
Missiles
 o - 8 javelins
 p - 7 poisoned darts
 C - 12 large rocks
 J - 5 throwing nets
 M - 2 curare-tipped darts (quivered)
Armour
 e - the +3 leather armour of the Comet {rF+ rC- rN+ Str+3}
   (You bought it in a shop on level 8 of the Dungeon)

   Str+3:     It affects your strength (+3).
   rF+:       It protects you from fire.
   rC-:       It makes you vulnerable to cold.
   rN+:       It protects you from negative energy.
 v - a +1 pair of boots (worn)
 y - a scarf of shadows
 z - the +0 pair of gloves of Too Many Cooks (worn) {Int+3}
   (You found it in a bailey)

   Int+3:     It affects your intelligence (+3).
 F - a +1 pair of gloves
 G - +0 steam dragon scales (worn)
 I - a +0 cloak (worn)
 R - a +1 helmet of see invisible (worn)
Wands
 k - a wand of flame (11)
 l - a wand of quicksilver (23)
 B - a wand of mindburst (9)
 K - a wand of iceblast (7)
 L - a wand of charming (8)
Scrolls
 g - a scroll of teleportation
 h - a scroll of fog
 i - a scroll of amnesia
 j - a scroll of torment
 t - a scroll of butterflies {unknown}
 w - a scroll of blinking
 x - 3 scrolls of poison
 E - 6 scrolls of fear
 H - a scroll of enchant weapon
 N - a scroll of identify
 Q - a scroll of silence {unknown}
Potions
 b - a potion of magic
 c - 3 potions of degeneration {unknown}
 d - 3 potions of lignification
 f - a potion of curing
 m - 3 potions of enlightenment
 n - a potion of invisibility
 q - 3 potions of heal wounds
 r - a potion of ambrosia {unknown}
 s - 3 potions of might
 u - 2 potions of attraction
 D - 3 potions of mutation
 P - a potion of resistance {unknown}


   Skills:
 - Level 9.0 Fighting
 - Level 8.0 Short Blades
 + Level 4.8 Dodging
 - Level 3.0 Stealth
 - Level 6.0 Spellcasting
 - Level 5.0 Conjurations
 - Level 2.0 Translocations
 - Level 3.0 Air Magic
 - Level 5.0 Earth Magic
 - Level 7.0 Alchemy
 + Level 11.8 Evocations


You had 11 spell levels left.
You knew the following spells:

 Your Spells              Type           Power      Damage    Failure   Level
b - Mephitic Cloud        Conj/Alch/Air  26%        N/A       4%          3
c - Olgreb's Toxic Radia  Alch           34%        N/A       6%          4
d - Stone Arrow           Conj/Erth      52%        3d10      4%          3
e - Blink                 Tloc           28%        N/A       7%          2

Your spell library contained the following spells:

 Spells                   Type           Power      Damage    Failure   Level
 Sandblast                Erth           52%        2d12      1%          1
 Sting                    Conj/Alch      100%       1d9       1%          1
 Mercury Vapours          Alch/Air       52%        N/A       1%          2
 Momentum Strike          Conj/Tloc      40%        3d9       3%          2
 Cigotuvi's Dreadful Rot  Necr/Alch/Air  38%        N/A       4%          2
 Lesser Beckoning         Tloc           28%        N/A       7%          2
 Freeze                   Ice            24%        1d4       11%         1
 Hailstorm                Conj/Ice       16%        3d6       11%         3
 Brom's Barrelling Bould  Conj/Erth      26%        2d5       13%         4
 Gell's Gravitas          Tloc           14%        N/A       14%         3
 Teleport Other           Tloc           14%        N/A       14%         3
 Sublimation of Blood     Necr           6%         N/A       16%         2
 Sticky Flame             Fire/Alch      20%        2d6       24%         4
 Frozen Ramparts          Ice            12%        1d2       30%         3
 Sculpt Simulacrum        Ice/Alch       10%        N/A       98%         6
 Ozocubu's Refrigeration  Ice            3%         4d8       100%        7
 Discord                  Hex            3%         N/A       100%        8
 Chain Lightning          Conj/Air       11%        3d14      100%        9
 Fire Storm               Conj/Fire      8%         8d2       100%        9
 Shatter                  Erth           13%        3d13*     100%        9


Dungeon Overview and Level Annotations

Branches:
Dungeon (11/15)            Temple (0/1) D:5            Lair (0/5) D:11
    Orc (0/2) D:11         Bailey (visited)         Gauntlet (1/1)

Altars:
Gozag
Uskayaw
Vehumet
Zin

Shops:
D:5 !   D:6 [   D:8 [[*   D:10 *

Portals:
Trove: D:11 (give 2 scrolls of acquirement)

Annotations:
D:8 4 transporters Gauntlet 7 transporters, 1 runed translucent door, exclusion: lightning spire


Innate Abilities, Weirdness & Mutations

You can wield a second weapon in your off-hand.
It takes a long time for you to wield or remove held weapons.
Your first few attacks do less damage.
You cannot equip rings or amulets.


Message History

The raiju bites you. The raiju shocks you!
The raiju is engulfed in noxious fumes.
The raiju bursts into living lightning!
The living lightning hits the raiju.
The raiju completely resists.
The living lightning hits you!
The raiju blinks!
You bump into the stone wall.
You are engulfed in noxious fumes.
You choke on the stench!
You are more confused.
The raiju is engulfed in noxious fumes.
The raiju appears confused.
The raiju bites you. The raiju shocks you!
* * * LOW HITPOINT WARNING * * *
The lightning spire shoots out a bolt of lightning at you!
The bolt of electricity hits the raiju.
The raiju completely resists.
The bolt of electricity misses you.
The bolt of electricity hits the raiju.
The raiju completely resists.
The raiju bursts into living lightning!
The living lightning hits you!
* * * LOW HITPOINT WARNING * * *
The living lightning hits the raiju.
The raiju completely resists.
The living lightning hits the lightning spire.
The lightning spire completely resists.
The raiju blinks! x2
You feel better.
You are engulfed in noxious fumes.
You choke on the stench!
You are confused.
The raiju is engulfed in noxious fumes.
The raiju appears confused.
The raiju bites the raiju!
The raiju shocks the raiju.
The raiju completely resists.
The raiju is engulfed in noxious fumes.
The raiju appears confused.
The raiju bites the raiju but does no damage.
The lightning spire shoots out a bolt of lightning at you!
The bolt of electricity hits the raiju.
The raiju completely resists.
The bolt of electricity hits the raiju.
The raiju completely resists.
The bolt of electricity hits you!!
* * * LOW HITPOINT WARNING * * *
You feel less confused.
The lightning spire shoots out a bolt of lightning at you!
The bolt of electricity hits the raiju.
The raiju completely resists.
The bolt of electricity hits the raiju.
The raiju completely resists.
The bolt of electricity hits you!!
You die...
Your body crumbles into a pile of gold.

### ### ### ### ### ### ### ### #
#≈###≈###≈###≈###≈###≈###≈###≈###
≈≈≈#≈≈≈#≈≈≈#≈≈≈#≈≈≈#≈≈≈#≈≈≈#≈≈≈#≈
.................................
.#########...#########...########
.#.......#.ß.#.....#.#.ß.##.#.#.#
.#..#.#..#...#.###.#.#...#[#.#.#.
.#..#.#..#####=..###.######.#©#.#
.#©.#©#..#©.©#§.@§hhI#©.©#©#^#.#.
.#!.#.#.Z#...#?..###.#...##.#.#.#
.#=.#.#.Z#...#.###.#.#...#.#.#.#.
.#.....ZZ#ß©ß#.....#.#ß©ß##.#.#.#
.################################
.................................
≈≈≈#≈≈≈#≈≈≈#≈≈≈#≈≈≈#...ß⌠ß..ß∩ß..
#≈###≈###≈###≈###≈###............
### ### ### ### ### #############


You could see a lightning spire and 2 raiju.

Vanquished Creatures
  A catoblepas (Gauntlet)
  3 two-headed ogres
  2 orc high priests (Bailey)
  Lodul (D:10)
  3 cyclopes (D:11)
  A shining eye (Gauntlet)
  A manticore (D:11)
  An oklob plant (Gauntlet)
  2 gargoyles (Gauntlet)
  Maggie (D:6)
  2 kobold demonologists
  A komodo dragon (D:11)
  3 trolls
  3 hornets
  2 glass eyes (Gauntlet)
  Sigmund (D:2)
  11 yaks
  2 wraiths
  3 wyverns
  Eustachio (D:6)
  Menkaure (D:6)
  2 steam dragons
  3 acid dragons
  5 water moccasins
  An ice beast (D:6)
  15 orc warriors
  3 black bears
  A sky beast (D:8)
  7 ogres (D:10)
  A centaur (D:6)
  2 kobold brigands
  4 bullfrogs
  A gnoll sergeant (D:8)
  5 scorpions
  8 wights
  11 killer bees
  8 howler monkeys
  8 electric eels (Bailey)
  A bombardier beetle (D:6)
  4 lava snakes (D:9)
  A jelly (D:6)
  3 orc priests
  2 gnoll boudas
  4 hounds
  Crazy Yiuf (D:6)
  A sleepcap (D:6)
  An iguana (D:6)
  13 orc wizards
  16 gnolls
  5 adders
  A white imp (D:6)
  4 ufetubi
  A dart slug (D:1)
  2 ribbon worms (D:3)
  29 orcs
  7 ball pythons
  10 endoplasms
  A giant cockroach (D:2)
  15 goblins
  12 hobgoblins
  4 jackals
  9 kobolds
  3 quokkas
  A bat (D:1)
  2 frilled lizards
  4 rats
288 creatures vanquished.

Vanquished Creatures (collateral kills)
  A gnoll (D:3)
  A goblin (D:3)
  A rat (D:3)
3 creatures vanquished.

Vanquished Creatures (others)
  A gargoyle (D:11)
1 creature vanquished.

Grand Total: 292 creatures vanquished

Notes
Turn   | Place    | Note
-------+----------+-------------------------------------------
     0 | D:1      | hikkokomori the Coglin Alchemist began the quest for the
                  | Orb.
     0 | D:1      | Reached XP level 1. HP: 13/13 MP: 3/3
   137 | D:1      | Reached skill level 1 in Conjurations
   222 | D:1      | Reached XP level 2. HP: 15/19 MP: 0/4
   517 | D:1      | Got Cigotuvi's Secrets of Esoterica and Profane Acts
   802 | D:2      | Reached XP level 3. HP: 22/24 MP: 2/6
   806 | D:2      | Learned a level 3 spell: Mephitic Cloud
   898 | D:2      | Noticed Sigmund
  1144 | D:2      | Killed Sigmund
  1145 | D:2      | Reached skill level 1 in Air Magic
  1145 | D:2      | Reached XP level 4. HP: 24/30 MP: 3/8
  1145 | D:2      | Reached XP level 5. HP: 28/35 MP: 3/9
  1230 | D:2      | Found a faded altar of an unknown god.
  1654 | D:3      | Reached XP level 6. HP: 7/41 MP: 5/10
  1972 | D:3      | Reached skill level 1 in Evocations
  2177 | D:3      | Found a faded altar of an unknown god.
  2597 | D:3      | Found a hide-covered altar of Uskayaw.
  2877 | D:4      | Found a radiant altar of Vehumet.
  2877 | D:4      | Found a glowing silver altar of Zin.
  2877 | D:4      | Found an opulent altar of Gozag.
  2890 | D:4      | Learned a level 4 spell: Olgreb's Toxic Radiance
  2894 | D:4      | Learned a level 3 spell: Stone Arrow
  2905 | D:4      | Became a worshipper of Gozag Ym Sagoz the Greedy
  2987 | D:4      | Reached skill level 1 in Fighting
  3144 | D:4      | Reached XP level 7. HP: 31/48 MP: 2/11
  3581 | D:4      | Reached skill level 2 in Evocations
  3684 | D:4      | Reached skill level 5 in Alchemy
  4473 | D:5      | Entered Level 5 of the Dungeon
  4817 | D:5      | Found Ymne Wargh's Distillery.
  4949 | D:5      | Bought 2 potions of lignification for 84 gold pieces
  4963 | D:5      | Reached skill level 3 in Evocations
  4967 | D:5      | Bought a potion of curing for 42 gold pieces
  4978 | D:5      | Reached XP level 8. HP: 57/57 MP: 13/13
  5017 | D:5      | Found a staircase to the Ecumenical Temple.
  5647 | D:6      | Reached skill level 4 in Evocations
  5978 | D:6      | Noticed Eustachio
  5986 | D:6      | Killed Eustachio
  5987 | D:6      | Reached skill level 1 in Earth Magic
  5987 | D:6      | Reached skill level 5 in Evocations
  6289 | D:6      | Found a runed translucent door.
  6290 | D:6      | Noticed Crazy Yiuf
  6469 | D:6      | Reached XP level 9. HP: 56/65 MP: 9/15
  6472 | D:6      | Learned a level 2 spell: Blink
  6477 | D:6      | Reached skill level 6 in Evocations
  6650 | D:6      | Found Tunkoiz's Antique Armour Boutique.
  6657 | D:6      | Bought a pair of glowing gloves for 157 gold pieces
  6730 | D:6      | Noticed Menkaure
  6731 | D:6      | Killed Menkaure
  6759 | D:6      | Noticed Maggie
  6775 | D:6      | Killed Maggie
  6776 | D:6      | Reached skill level 5 in Conjurations
  6776 | D:6      | Reached skill level 7 in Evocations
  7406 | D:6      | Killed Crazy Yiuf
  7510 | D:7      | Noticed a hornet
  7516 | D:7      | Killed a hornet
  7517 | D:7      | Reached skill level 1 in Short Blades
  7517 | D:7      | Reached skill level 1 in Translocations
  7517 | D:7      | Reached skill level 8 in Evocations
  8019 | D:8      | Reached XP level 10. HP: 65/71 MP: 3/16
  8195 | D:8      | Found a flagged portal.
  8215 | Bailey   | Entered a bailey
  8559 | Bailey   | Reached skill level 9 in Evocations
  8573 | Bailey   | Reached skill level 5 in Spellcasting
  8683 | Bailey   | Noticed an orc high priest
  8911 | Bailey   | Killed an orc high priest
  9061 | Bailey   | Acquired 1085 gold pieces
  9315 | Bailey   | Identified the +7 quarterstaff of Corruption {drain, rC+
                  | Str+2}
  9350 | Bailey   | Found an iron altar of Okawaru.
  9351 | Bailey   | Noticed an orc high priest
  9354 | Bailey   | Noticed a rust devil
  9355 | Bailey   | Noticed a rust devil
  9358 | Bailey   | Killed an orc high priest
  9359 | Bailey   | Reached skill level 5 in Fighting
  9359 | Bailey   | Reached skill level 5 in Earth Magic
  9370 | Bailey   | Reached skill level 10 in Evocations
  9570 | Bailey   | Identified the +0 pair of gloves of Too Many Cooks {Int+3}
  9838 | D:8      | Bought a runed helmet for 135 gold pieces
  9838 | D:8      | Bought a scroll of identify for 36 gold pieces
  9920 | D:8      | Reached XP level 11. HP: 77/81 MP: 10/18
 10061 | D:8      | Found a transporter.
 10068 | D:8      | Found a transporter.
 10068 | D:8      | Found a transporter.
 10086 | D:8      | Found a transporter.
 10255 | D:8      | Found Enoull's Armour Emporium.
 10370 | D:8      | Bought a distressingly furry leather armour for 196 gold
                  | pieces
 10370 | D:8      | Identified the +3 leather armour of the Comet {rF+ rC- rN+
                  | Str+3} (You bought it in a shop on level 8 of the Dungeon)
 10608 | D:9      | Noticed a two-headed ogre
 10614 | D:9      | Killed a two-headed ogre
 10615 | D:9      | Reached skill level 5 in Short Blades
 11750 | D:10     | Entered Level 10 of the Dungeon
 11876 | D:10     | Noticed a two-headed ogre
 11886 | D:10     | Killed a two-headed ogre
 12260 | D:10     | Noticed Lodul
 12272 | D:10     | Killed Lodul
 12531 | D:10     | Reached XP level 12. HP: 84/94 MP: 13/21
 12932 | D:10     | Noticed a two-headed ogre
 12944 | D:10     | Killed a two-headed ogre
 13585 | D:11     | Found a staircase to the Lair.
 13601 | D:11     | Found a portal to a secret trove of treasure.
 13633 | D:11     | Found a gate leading to a gauntlet.
 13653 | D:11     | Found a staircase to the Orcish Mines.
 13662 | Gauntlet | Entered a Gauntlet
 13662 | Gauntlet | Found a transporter.
 13662 | Gauntlet | Found a runed translucent door.
 13682 | Gauntlet | Found a runed translucent door.
 13686 | Gauntlet | Found a transporter.
 13690 | Gauntlet | Found a transporter.
 13698 | Gauntlet | Found a transporter.
 13698 | Gauntlet | Noticed a catoblepas
 13702 | Gauntlet | Found a transporter.
 13711 | Gauntlet | Found a transporter.
 13714 | Gauntlet | Found a transporter.
 13722 | Gauntlet | Found a transporter.
 13726 | Gauntlet | Found a transporter.
 13737 | Gauntlet | Found a transporter.
 13757 | Gauntlet | Found a transporter.
 13769 | Gauntlet | Found a transporter.
 13782 | Gauntlet | Found a transporter.
 13795 | Gauntlet | Found a transporter.
 13834 | Gauntlet | Reached skill level 11 in Evocations
 13907 | Gauntlet | Killed a catoblepas
 14492 | Gauntlet | HP: 1/95 [lightning spire/bolt of electricity (21)]
 14493 | Gauntlet | Killed from afar by a lightning spire

Illustrated notes

Levels and vault maps discovered:
D:1:      minmay_arrival_stone_box, layout_basic, minmay_close_crescents
D:2:      cheibrodos_old_hovel, layout_basic, chequers_ecumenical_altar_lobes,
          serial_glass, glass_columns_c, glass_columns_a, uniq_sigmund
D:3:      layout_basic, nicolae_overflow_ecumenical_swirl, minivault_19
D:4:      layout_layer_cave, gammafunk_temple_overflow_claw
D:5:      layout_rooms, minmay_temple_entry_tees, serial_shops,
          nicolae_shop_industrial_runoff
D:6:      layout_basic, serial_shops, nicolae_shop_just_a_little_nook,
          corexii_item_surrounded_by_moat, uniq_maggie, uniq_menkaure,
          uniq_crazy_yiuf_cottage, uniq_eustachio
D:7:      layout_rooms
D:8:      layout_cave_pools, enter_bailey_3, serial_shops,
          nicolae_shop_window_shopping, nicolae_transporter_circle
D:9:      layout_cave_pods, eino_curves_02, kennysheep_dice
D:10:     layout_loops_ring, uniq_lodul
D:11:     layout_cave_pools, due_lair_maze_entry_diamond, orc_0_dummy,
          nicolae_trove_entry_isolated, serial_column_ruins,
          column_ruins_open_tiny, column_ruins_open_tiny, column_ruins_grid_2,
          column_ruins_open_tiny, gauntlet_entry_generic
Gauntlet: gammafunk_gauntlet_77_escape_option
          [minmay_gauntlet_arena_77_shame_cube,
          minmay_gauntlet_arena_77_broken_ladder,
          minmay_gauntlet_arena_77_checkered, minmay_gauntlet_arena_77_mirror,
          minmay_gauntlet_arena_77_chump_sandwich, gauntlet_exit_hidden_loot]

Skill      XL: |  1  2  3  4  5  6  7  8  9 10 11 12 |
---------------+-------------------------------------+-----
Conjurations   | 1 2 3 5 |  5.0
Dodging        | 2 4 |  4.8
Spellcasting   | 2 3 4 5 6 |  6.0
Stealth        | 2 3 |  3.0
Air Magic      | 1 2 3 |  3.0
Alchemy        | 4 5 6 7 |  7.0
Evocations     | 1 3 5 8 10 11 | 11.8
Fighting       | 1 2 4 5 8 9 |  9.0
Earth Magic    | 2 3 5 |  5.0
Short Blades   | 2 4 7 8 |  8.0
Translocations | 2 |  2.0

Action                     |  1- 3 |  4- 6 |  7- 9 | 10-12 || total
---------------------------+-------+-------+-------+-------++-------
  Melee: Unarmed           |    20 |       |       |       ||    20
         Short sword       |    52 |   185 |   363 |    51 ||   651
         Dagger            |       |       |       |   594 ||   594
  Throw: Dart              |       |     1 |       |       ||     1
   Cast: Sting             |    30 |    28 |    29 |       ||    87
         Mephitic Cloud    |     1 |     7 |    16 |    26 ||    50
         Olgreb's Toxic Ra |       |     1 |     8 |    55 ||    64
         Stone Arrow       |       |       |    11 |    20 ||    31
         Blink             |       |       |     1 |     1 ||     2
 Invoke: Call Merchant     |       |       |       |     3 ||     3
  Evoke: Wand              |       |     4 |    13 |    29 ||    46
    Use: Scroll            |       |     5 |     8 |    11 ||    24
         Potion            |       |       |     3 |     7 ||    10
   Stab: Sleeping          |     2 |     2 |     2 |     2 ||     8
         Confused          |       |     5 |     9 |    24 ||    38
         Distracted        |       |       |       |     3 ||     3
 Armour: Robe              |    31 |    50 |    65 |       ||   146
         Skin              |       |       |    21 |     4 ||    25
         Steam dragon scal |       |       |    66 |   208 ||   274
  Dodge: Dodged            |    33 |    54 |   150 |   113 ||   350

Table legend: (Time is in decaauts)
 A = Elapsed time spent in this place.
 B = Non-inter-level travel time spent in this place.
 C = Inter-level travel time spent in this place.
 D = Time resting spent in this place.
 E = Time spent auto-exploring this place.
 F = Levels seen in this place.
 G = Mean time per level.
                   A        B        C        D        E       F      G
               +--------+--------+--------+--------+--------+-----+--------+
         Total |  14430 |  13997 |    433 |   2012 |   9001 |  13 | 1110.0 |
       Dungeon |  12006 |  11573 |    433 |    823 |   8388 |  11 | 1091.5 |
        Bailey |   1606 |   1606 |      0 |    778 |    347 |   1 | 1606.0 |
      Gauntlet |    817 |    817 |      0 |    411 |    266 |   1 |  817.0 |
               +--------+--------+--------+--------+--------+-----+--------+

Top non-repeatable levels by time:
     D:4: 2016 daAuts
     D:6: 1994 daAuts
  Bailey: 1606 daAuts
     D:9: 1518 daAuts
     D:3: 1314 daAuts
    D:10: 1308 daAuts
Gauntlet: 817 daAuts
     D:8: 810 daAuts
     D:1: 781 daAuts
     D:5: 689 daAuts
     D:2: 677 daAuts
     D:7: 520 daAuts
    D:11: 373 daAuts
